 Dungeon Crawl Stone Soup version 0.28.0 (webtiles) character file.

Game seed: 963795143623824422

763 Jepp2078 the Summoner (level 7, -2/36 HPs)
             Began as a Tengu Summoner on Feb 15, 2022.
             Shot with an arrow by a centaur (8 damage)
             ... on level 6 of the Dungeon.
             The game lasted 00:22:08 (6942 turns).

Jepp2078 the Summoner (Tengu Summoner)              Turns: 6942, Time: 00:22:08

Health: -2/36      AC:  2    Str: 15    XL:     7   Next: 81%
Magic:  16/16      EV: 14    Int: 23    God:
Gold:   155        SH:  0    Dex: 14    Spells: 10/17 levels left

rFire   . . .      SeeInvis .   c - +2 dagger (holy)
rCold   . . .      Faith    .   (no shield)
rNeg    . . .      Spirit   .   a - +0 robe
rPois   .          Reflect  .   (helmet restricted)
rElec   .          Harm     .   (no cloak)
rCorr   .          Rampage  .   (no gloves)
Will    .....                   (boots unavailable)
Stlth   +.........              (no amulet)
HPRegen 0.12/turn               i - +6 ring of strength
MPRegen 0.15/turn               r - +6 ring of intelligence

@: confused, ambrosia-drunk, flying quickly and evasively, quick
A: beak, talons 3, nimble flight
a: no special abilities


You were on level 6 of the Dungeon.
You visited 1 branch of the dungeon, and saw 6 of its levels.

You collected 155 gold pieces.

Inventory:

Hand Weapons
 c - a +2 dagger of holy wrath (weapon)
Armour
 a - a +0 robe (worn)
 e - a +3 chain mail
 q - a scarf of shadows
Jewellery
 i - a +6 ring of strength (left hand)
 m - a ring of ice
 r - a +6 ring of intelligence (right hand)
 u - a ring of see invisible
Scrolls
 b - 3 scrolls of magic mapping {unknown}
 f - a scroll of enchant armour {unknown}
 g - 8 scrolls of teleportation {unknown}
 h - 10 scrolls of identify {unknown}
 j - 2 scrolls of fear {unknown}
 k - a scroll of vulnerability {unknown}
 n - 2 scrolls of holy word {unknown}
 o - a scroll of brand weapon {unknown}
 t - a scroll of noise {unknown}
Potions
 d - a potion of invisibility {unknown}
 l - 2 potions of ambrosia
 p - a potion of lignification {unknown}
 s - 2 potions of curing {unknown}


   Skills:
 - Level 2.1 Dodging
 - Level 2.0 Stealth
 + Level 5.5 Spellcasting
 + Level 1.4 Hexes
 + Level 8.3 Summonings


You had 10 spell levels left.
You knew the following spells:

 Your Spells              Type           Power      Damage    Failure   Level
a - Summon Small Mammal   Summ           100%       N/A       1%          1
b - Call Canine Familiar  Summ           44%        N/A       1%          3
c - Summon Guardian Gole  Hex/Summ       29%        N/A       3%          3

Your spell library contained the following spells:

 Spells                   Type           Power      Damage    Failure   Level
 Call Imp                 Summ           44%        N/A       1%          2
 Animate Skeleton         Necr           12%        N/A       9%          1
 Apportation              Tloc           12%        N/A       9%          1
 Corpse Rot               Necr/Air       12%        N/A       14%         2
 Poisonous Vapours        Pois/Air       12%        N/A       14%         2
 Summon Lightning Spire   Summ/Air       25%        N/A       16%         4


Dungeon Overview and Level Annotations

Branches:
Dungeon (6/15)
 Temple: D:4-7

Altars:
Trog
Wu Jian
Zin

Shops:
D:3 [

Annotations:
D:3 exclusion: downstairs


Innate Abilities, Weirdness & Mutations

You have a beak for a mouth.
You have claws for feet.
Your magical nature lets you fly swiftly and evasively.


Message History

Your wolf bites the adder!
The adder dies!
You swap places.
You see here an adder corpse.
There is a stone staircase leading up here.
The centaur wields a +4 shortbow.
The centaur shoots an arrow.
The arrow hits you!
The centaur shoots an arrow.
The arrow closely misses you.
The centaur shoots an arrow.
The arrow hits your wolf!
The centaur shoots an arrow.
The arrow hits your wolf!
Your wolf dies!
Your wolf's corpse disappears in a puff of smoke!
The centaur shoots an arrow.
The arrow misses you.
The centaur shoots an arrow.
The arrow hits you! What are your orders? t - Shout!
Orders for allies: a - Attack new target. r - Retreat! s - Stop attacking. g - Guard the area. f - Follow me.
Anything else - Cancel.
Gang up on whom?
Press: ? - help, Dir - move target, f - centaur
Aim: a centaur, wielding a +4 shortbow and quivering arrows (ally target) Attack!
The centaur shoots an arrow.
The arrow hits your wolf!
Your wolf bites the centaur.
The centaur shoots an arrow.
The arrow hits your wolf.
Your wolf bites the centaur.
Your wolf bites the centaur.
The centaur unwields a +4 shortbow.
The centaur hits your wolf.
The centaur kicks your wolf but does no damage.
Your wolf bites the centaur.
The centaur wields a +4 shortbow.
The centaur shoots an arrow.
The arrow barely misses your wolf. The arrow hits you!
* * * LOW HITPOINT WARNING * * *
Your wolf bites the centaur.
You are confused.
You feel invigorated.
The centaur shoots an arrow.
The arrow hits your wolf!
Your wolf dies!
Your wolf's corpse disappears in a puff of smoke!
The centaur shoots an arrow.
The arrow hits you!
You die...

..## ## ...# # ##.
#...#.#
##..#..#..... ##
##..#$.......
...#..............
..................
...#....c###.##...
.........§@#......
...##.##..........
.. ..##...........
..... #...........
.... #..†<.......
......##.#........
.##.........##....
....##.##........
.. #.....#.....


You could see a centaur.

Vanquished Creatures
  A bullfrog skeleton (D:5)
  2 centaur skeletons
  An orc wizard (D:4)
  An ufetubus (D:5)
  An adder skeleton (D:4)
  A dart slug (D:4)
  An orc (D:4)
  A bat (D:2)
  3 endoplasms
  3 giant cockroaches
  2 goblins
  5 hobgoblins
  2 kobolds
  3 ball pythons
  4 frilled lizards
  7 rats
38 creatures vanquished.

Vanquished Creatures (collateral kills)
  An ogre (D:4)
  Blork the orc (D:5)
  A scorpion (D:5)
  3 hounds (D:5)
  An orc priest (D:5)
  A bullfrog skeleton (D:5)
  2 iguanas
  Ijyb (D:3)
  An orc wizard (D:4)
  A hound skeleton (D:4)
  6 adders
  2 gnolls (D:6)
  A shadow imp (D:4)
  A white imp (D:5)
  An ufetubus (D:4)
  2 adder skeletons
  A dart slug (D:2)
  6 orcs
  3 endoplasms
  4 giant cockroaches
  2 goblins
  A hobgoblin (D:1)
  6 kobolds
  2 quokkas
  3 ball pythons
  3 frilled lizards (D:1)
57 creatures vanquished.

Grand Total: 95 creatures vanquished

Notes
Turn   | Place    | Note
-------+----------+-------------------------------------------
     0 | D:1      | Jepp2078 the Tengu Summoner began the quest for the Orb.
     0 | D:1      | Reached XP level 1. HP: 10/10 MP: 4/4
   106 | D:1      | Found a faded altar of an unknown god.
   164 | D:1      | Reached skill level 5 in Summonings
   235 | D:1      | Reached XP level 2. HP: 15/15 MP: 6/6
  1061 | D:2      | Reached XP level 3. HP: 19/19 MP: 5/7
  1585 | D:2      | Learned a level 3 spell: Call Canine Familiar
  1914 | D:2      | Reached XP level 4. HP: 19/24 MP: 6/9
  2421 | D:3      | Noticed Ijyb
  2484 | D:3      | HP: 1/24 [hound[the player character] (2)]
  2573 | D:3      | Killed Ijyb
  2574 | D:3      | Reached skill level 6 in Summonings
  2921 | D:3      | Found Cuef's Armour Boutique.
  3120 | D:3      | Found a bloodstained altar of Trog.
  3360 | D:3      | Gained mutation: Your magical nature lets you fly swiftly
                  | and evasively. [Tengu growth]
  3360 | D:3      | Reached XP level 5. HP: 27/28 MP: 11/11
  4265 | D:4      | Reached XP level 6. HP: 32/32 MP: 10/13
  4579 | D:4      | Reached skill level 7 in Summonings
  4903 | D:5      | Entered Level 5 of the Dungeon
  4964 | D:5      | Found a glowing silver altar of Zin.
  5679 | D:4      | Reached XP level 7. HP: 11/36 MP: 10/15
  5952 | D:4      | Reached skill level 5 in Spellcasting
  6106 | D:5      | Learned a level 3 spell: Summon Guardian Golem
  6258 | D:5      | Reached skill level 8 in Summonings
  6284 | D:5      | Found an ornate altar of the Wu Jian Council.
  6288 | D:5      | Noticed Blork the orc
  6311 | D:5      | Killed Blork the orc
  6388 | D:5      | Noticed a two-headed ogre
  6598 | D:5      | Reached skill level 1 in Hexes
  6941 | D:6      | HP: 1/36 [centaur/arrow (17)]
  6942 | D:6      | Shot with an arrow by a centaur

Illustrated notes

Levels and vault maps discovered:
D:1:      amcnicky_arrival_single_pillar, layout_basic, basic_ecumenical_altar,
          minmay_tripent
D:2:      layout_loops_cross, minmay_surrounded
D:3:      layout_loops_cross, bloody_trog, serial_shops, shop,
          minmay_misc_feat_columns, uniq_ijyb
D:4:      layout_basic
D:5:      layout_gridville, mainiacjoe_overflow_catch_the_wave,
          uniq_blork_the_orc
D:6:      layout_cave_pools, mainiacjoe_overflow_brackets, enter_ossuary_4,
          ebering_ghost_reflecting_pool, serial_shops, shop

Skill      XL: |  1  2  3  4  5  6  7 |
---------------+----------------------+-----
Summonings     | 5 6 7 8 |  8.3
Spellcasting   | 3 4 5 |  5.5
Hexes          | 1 |  1.4
Dodging        | |  2.1
Stealth        | |  2.0

Action                   |  1- 3 |  4- 6 |  7- 9 || total
-------------------------+-------+-------+-------++-------
Melee: Unarmed           |    17 |       |       ||    17
       Peck              |     8 |     8 |     1 ||    17
       Kick              |    11 |     9 |     1 ||    21
       Dagger            |    25 |    51 |     6 ||    82
 Cast: Summon Small Mamm |    28 |    10 |     1 ||    39
       Call Canine Famil |     3 |    36 |     9 ||    48
  Use: Potion            |     1 |     3 |     1 ||     5
 Stab: Sleeping          |    11 |     6 |       ||    17
Armor: Robe              |    20 |    11 |     2 ||    33
Dodge: Dodged            |    31 |    49 |    15 ||    95
